 Dungeon Crawl Stone Soup version 0.27-a0-1545-g3eddc1d3d3 (webtiles) character file.

Game seed: 11406695170218679467

3345 HAL9000 the Covert (level 10, -4/43 (49) HPs)
             Began as a Vine Stalker Brigand on July 13, 2021.
             Was a Follower of Dithmenos.
             Slain by an eight-headed hydra (10 damage)
             ... on level 7 of the Dungeon.
             The game lasted 00:18:24 (7825 turns).

HAL9000 the Covert (Vine Stalker Brigand)           Turns: 7825, Time: 00:18:25

HP:   -4/43 (49)    AC:  8    Str: 16    XL:     10   Next: 2%
MP:   0/14          EV: 11    Int: 13    God:    Dithmenos [*.....]
Gold: 600           SH:  0    Dex: 15    Spells: 4/14 levels left

rFire    + . .     SeeInvis .   a - +2 dagger
rCold    + + .     Faith    .   (no shield)
rNeg     . . .     Spirit   +   i - +0 steam dragon scales
rPois    +         Reflect  .   y - +0 helmet
rElec    +         Harm     .   c - +0 cloak
rCorr    +         Rampage  .   (no gloves)
Will     +....                  h - +0 pair of boots
Stlth    +++++.....             (no amulet)
HPRegen  1.14/turn              g - ring of protection from cold
MPRegen  0.14/turn              (no ring)

@: resistant (expiring), very slightly contaminated, wreathed by umbra, heavily
drained
A: fangs 3, regeneration 1, magic shield, antimagic bite, no potion heal 2
a: Renounce Religion


You were on level 7 of the Dungeon.
You worshipped Dithmenos.
Dithmenos was aware of your devotion.
You visited 2 branches of the dungeon, and saw 9 of its levels.

You collected 652 gold pieces.
You spent 52 gold pieces at shops.

Inventory:

Hand Weapons
 a - a +2 dagger (weapon)
 e - a +2 long sword of protection
 z - a +4 vorpal war axe
Missiles
 l - 12 poisoned darts (quivered)
 r - 3 boomerangs
 x - a curare-tipped dart
Armour
 c - a +0 cloak (worn)
 h - a +0 pair of boots (worn)
 i - +0 steam dragon scales (worn)
 y - a +0 helmet (worn)
Jewellery
 g - a ring of protection from cold (left hand)
 v - a ring of fire
Scrolls
 k - 2 scrolls of vulnerability
 m - 2 scrolls of enchant weapon
 p - 3 scrolls of magic mapping
 w - a scroll of immolation
Potions
 d - 2 potions of attraction
 n - a potion of flight
 q - a potion of might {unknown}
 s - 3 potions of haste {unknown}
 t - a potion of lignification {unknown}
 u - a potion of degeneration {unknown}
 A - a potion of curing {unknown}


   Skills:
 + Level 3.5 Fighting
 + Level 7.1 Short Blades
 - Level 1.7 Throwing
 - Level 0.7 Dodging
 - Level 9.7 Stealth
 - Level 2.5 Spellcasting
 - Level 8.5 Hexes


You had 4 spell levels left.
You knew the following spells:

 Your Spells              Type           Power      Damage    Failure   Level
a - Confusing Touch       Hex            23%        N/A       2%          3
b - Swiftness             Air            1%         N/A       58%         3
c - Slow                  Hex            23%        N/A       1%          2
d - Ensorcelled Hibernat  Hex/Ice        24%        N/A       6%          2

Your spell library contained the following spells:

 Spells                   Type           Power      Damage    Failure   Level
 Portal Projectile        Hex/Tloc       24%        N/A       13%         3
 Magic Dart               Conj           4%         1d3       24%         1
 Passwall                 Tmut/Erth      0%         N/A       36%         2
 Searing Ray              Conj           2%         3d3       36%         2
 Fulminant Prism          Conj/Hex       6%         3d7       38%         4
 Leda's Liquefaction      Hex/Erth       6%         N/A       38%         4
 Call Canine Familiar     Summ           1%         N/A       58%         3
 Spider Form              Tmut/Pois      0%         N/A       58%         3
 Vampiric Draining        Necr           0%         2d6       58%         3
 Iskenderun's Mystic Bla  Conj/Tloc      1%         2d3       94%         4
 Invisibility             Hex            11%        N/A       75%         6
 Lee's Rapid Deconstruct  Erth           0%         3d5*      100%        5
 Shadow Creatures         Summ           N/A        N/A       100%        6


Dungeon Overview and Level Annotations

Branches:
Dungeon (8/15)             Temple (1/1) D:4
   Lair: D:8-11

Altars:
Ashenzari
Cheibriados
Dithmenos
Fedhas
Gozag
Hepliaklqana
Makhleb
Nemelex Xobeh
Okawaru
Qazlal
Ru
Sif Muna
Trog
Vehumet
Xom
Yredelemnul
Zin

Shops:
D:7 *

Annotations:
D:5 2 transporters, elguitar's ghost, amateur SpEn


Innate Abilities, Weirdness & Mutations

You have razor-sharp teeth.
Your natural rate of healing is unusually fast.
When hurt, damage is shared between your health and your magic reserves.
Your bite disrupts and absorbs the magic of your enemies.
Potions cannot restore your health.


Message History

You impale the kobold brigand!!
You kill the kobold brigand!
Dithmenos accepts your kill.
Items here: ( )))) [ †.
You start resting.
You are starting to lose your buoyancy.
You start resting.
You float gracefully downwards.
You start resting.
An eight-headed hydra is nearby!
Casting: Confusing Touch (dangerous; 2% risk of failure)
Confirm with . or Enter, or press ? or * to list all spells.
You miscast Confusing Touch.
You are very lightly contaminated with residual magic.
Nothing appears to happen.
You hit the eight-headed hydra. You bite the eight-headed hydra.
You drain its power.
You feel invigorated.
The eight-headed hydra is lightly wounded.
The eight-headed hydra bites you!
The eight-headed hydra bites you but does no damage.
The eight-headed hydra bites you!
The eight-headed hydra closely misses you.
The eight-headed hydra bites you but does no damage. x2
The eight-headed hydra closely misses you. x2
You hit the eight-headed hydra.
The eight-headed hydra is lightly wounded.
The eight-headed hydra barely misses you.
The eight-headed hydra bites you. The eight-headed hydra bites you!
The eight-headed hydra bites you.
* * * LOW HITPOINT WARNING * * *
The eight-headed hydra barely misses you.
The eight-headed hydra completely misses you.
The eight-headed hydra bites you but does no damage.
The eight-headed hydra bites you!
* * * LOW HITPOINT WARNING * * *
Unknown command.
You start to feel less resistant.
The eight-headed hydra bites you but does no damage.
The eight-headed hydra bites you!
You die...

...# .#.# .. #..#. ..
... ###### ..+##..#
#>)..# #...#.# #))..#
#.#...## #@..[#
#......# #.D..#
#....).# #########'#
##...#..###8...#....#
..'##.....#....#...D#
..#[#.....#....#....#
..###..##.#....'....#
.#.(.#.# ##....######
.......# #....#


You could see an eight-headed hydra.

Vanquished Creatures
  A two-headed ogre (D:7)
  A centaur zombie (D:6)
  Maggie (D:6)
  Prince Ribbit (D:6)
  An ice beast (D:6)
  A sky beast (D:5)
  A black bear (D:6)
  Purgy (D:3)
  4 ogres
  2 centaurs
  2 kobold brigands
  A gnoll sergeant (D:6)
  2 scorpions
  A water moccasin skeleton (D:6)
  A bullfrog zombie (D:5)
  3 hounds
  A centaur skeleton (D:6)
  2 orc priests (D:3)
  An iguana (D:7)
  3 bullfrog skeletons (D:6)
  4 orc wizards
  Terence (D:2)
  A hound skeleton (D:5)
  9 gnolls
  4 adders
  2 ufetubi
  3 worms
  A dart slug (D:3)
  16 orcs
  3 ball pythons
  2 endoplasms (D:1)
  3 giant cockroaches
  17 goblins
  2 hobgoblins
  10 jackals
  14 kobolds
  A quokka (D:4)
  10 bats
  A frilled lizard (D:3)
  A quokka skeleton (D:4)
  2 rats
138 creatures vanquished.

Vanquished Creatures (others)
  An adder (D:2)
  A bat (D:2)
  3 bushes (D:7)
5 creatures vanquished.

Grand Total: 143 creatures vanquished

Notes
Turn   | Place    | Note
-------+----------+-------------------------------------------
     0 | D:1      | HAL9000 the Vine Stalker Brigand began the quest for the
                  | Orb.
     0 | D:1      | Reached XP level 1. HP: 11/11 MP: 2/2
    70 | D:1      | Reached skill level 5 in Stealth
   613 | D:1      | Reached XP level 2. HP: 15/15 MP: 3/3
  1593 | D:2      | Reached skill level 6 in Stealth
  1772 | D:2      | Reached XP level 3. HP: 17/18 MP: 4/4
  2163 | D:2      | Noticed Terence
  2175 | D:2      | Killed Terence
  2176 | D:2      | Reached skill level 7 in Stealth
  2176 | D:2      | Gained mutation: Your natural rate of healing is unusually
                  | fast. [Vine Stalker growth]
  2176 | D:2      | Reached XP level 4. HP: 20/23 MP: 5/5
  2446 | D:3      | Noticed Purgy
  2485 | D:3      | Killed Purgy
  2486 | D:3      | Reached XP level 5. HP: 14/26 MP: 2/6
  2556 | D:3      | Found a faded altar of an unknown god.
  2561 | D:3      | Found a hazy altar of Hepliaklqana.
  2661 | D:3      | Found an iron altar of Okawaru.
  2877 | D:3      | Found a broken altar of Ashenzari.
  3468 | D:3      | Reached XP level 6. HP: 21/30 MP: 4/7
  3666 | D:4      | Found a staircase to the Ecumenical Temple.
  3674 | Temple   | Entered the Ecumenical Temple
  3784 | Temple   | Became a worshipper of Dithmenos the Shadowed
  4060 | D:5      | Entered Level 5 of the Dungeon
  4124 | D:5      | Reached skill level 5 in Short Blades
  4235 | D:5      | Found a transporter.
  4241 | D:5      | Noticed elguitar's ghost (amateur SpEn)
  4246 | D:5      | Identified the +5 great mace of Harmony {freeze, Str+4}
  4261 | D:5      | Found a transporter.
  4348 | D:5      | Reached XP level 7. HP: 8/35 MP: 8/8
  5066 | D:6      | Gained mutation: You have razor-sharp teeth. [Vine Stalker
                  | growth]
  5066 | D:6      | Reached XP level 8. HP: 33/40 MP: 6/9
  5132 | D:6      | Learned a level 3 spell: Confusing Touch
  5136 | D:6      | Learned a level 3 spell: Swiftness
  5200 | D:6      | Reached skill level 1 in Hexes
  5452 | D:6      | Reached skill level 5 in Hexes
  5468 | D:6      | Noticed Prince Ribbit
  5483 | D:6      | Killed Prince Ribbit
  5687 | D:6      | Reached XP level 9. HP: 40/44 MP: 8/10
  5713 | D:6      | Noticed Maggie
  5732 | D:6      | Killed Maggie
  6184 | D:6      | Learned a level 2 spell: Slow
  6341 | D:7      | Found Palig's Assorted Antiques.
  6360 | D:7      | Reached skill level 1 in Spellcasting
  6369 | D:7      | Bought a scroll of identify for 52 gold pieces
  6375 | D:7      | Found a shimmering altar of Xom.
  6664 | D:7      | Reached * piety under Dithmenos
  7022 | D:7      | Learned a level 2 spell: Ensorcelled Hibernation
  7050 | D:7      | Noticed a two-headed ogre
  7068 | D:7      | Killed a two-headed ogre
  7069 | D:7      | Reached skill level 9 in Stealth
  7114 | D:7      | Noticed a two-headed ogre
  7114 | D:7      | Noticed an eight-headed hydra
  7180 | D:8      | Paralysed by a gnoll sergeant for 4 turns
  7230 | D:7      | Noticed a seven-headed hydra
  7305 | D:8      | Paralysed by a gnoll sergeant for 6 turns
  7626 | D:7      | Reached XP level 10. HP: 40/41 MP: 14/14
  7772 | D:7      | Identified a scroll of acquirement
  7772 | D:7      | Acquired the ring "Diegatho" {Int+6 Slay+2}
  7825 | D:7      | Slain by an eight-headed hydra

Illustrated notes

Levels and vault maps discovered:
D:1:      heliophobic_arrival_henge, layout_basic
D:2:      layout_basic, lemuel_old_faithful, uniq_terence
D:3:      layout_basic, mainiacjoe_overflow_alcove_1, lemuel_tele_altar,
          mainiacjoe_overflow_concentric_impassable,
          hellmonk_ecumenical_altar_arch_garden, grunt_ministairs_2, uniq_purgy
D:4:      layout_rooms, minmay_temple_entry_statues_pillars
D:5:      layout_cave_pods, gammafunk_ghost_smash
D:6:      layout_gridville, lightli_ossuary_entry_decrepit_ruins,
          minmay_ogre_servants, uniq_prince_ribbit1, uniq_maggie
D:7:      minmay_klotski, layout_layer_cave, xom_teletrap_fun, serial_shops,
          nicolae_stop_n_shop_2, minmay_fractal_squares_diagonal_5
D:8:      layout_rooms, lemuel_crystal_altar, grunt_ministairs_4, uniq_grum,
          uniq_gastronok
Temple:   dshaligram_water_room_temple

Skill      XL: |  1  2  3  4  5  6  7  8  9 |
---------------+----------------------------+-----
Stealth        | 5 6 7 9 |  9.7
Short Blades   | 3 4 5 6 7 |  7.1
Fighting       | 2 3 |  3.5
Hexes          | 6 8 |  8.5
Spellcasting   | 2 |  2.5
Throwing       | |  1.7
Dodging        | |  0.7

Action                   |  1- 3 |  4- 6 |  7- 9 | 10-12 || total
-------------------------+-------+-------+-------+-------++-------
Melee: Dagger            |    66 |   134 |   257 |    22 ||   479
       Bite              |    29 |    38 |   101 |     6 ||   174
       War axe           |       |       |    65 |       ||    65
Throw: Dart              |    30 |    59 |    29 |     4 ||   122
       Boomerang         |       |       |     1 |       ||     1
 Cast: Confusing Touch   |       |       |    23 |     3 ||    26
  Use: Scroll            |       |       |     9 |     3 ||    12
       Potion            |       |       |       |     4 ||     4
 Stab: Sleeping          |     2 |     3 |     1 |       ||     6
       Confused          |       |       |    16 |     1 ||    17
Armor: Robe              |    17 |    41 |    58 |       ||   116
       Steam dragon scal |       |       |    68 |    12 ||    80
Dodge: Dodged            |    24 |    73 |   162 |    17 ||   276

Table legend: (Time is in decaauts)
 A = Elapsed time spent in this place.
 B = Non-inter-level travel time spent in this place.
 C = Inter-level travel time spent in this place.
 D = Time resting spent in this place.
 E = Time spent auto-exploring this place.
 F = Levels seen in this place.
 G = Mean time per level.
                   A        B        C        D        E       F      G
               +--------+--------+--------+--------+--------+-----+--------+
         Total |   7737 |   7204 |    533 |   1000 |   4536 |   9 |  859.7 |
       Dungeon |   7611 |   7092 |    519 |   1000 |   4464 |   8 |  951.4 |
        Temple |    126 |    112 |     14 |      0 |     72 |   1 |  126.0 |
               +--------+--------+--------+--------+--------+-----+--------+

Top non-repeatable levels by time:
     D:1: 1438 daAuts
     D:6: 1276 daAuts
     D:7: 1255 daAuts
     D:3: 1203 daAuts
     D:5: 1059 daAuts
     D:2: 898 daAuts
     D:4: 387 daAuts
  Temple: 126 daAuts
     D:8: 91 daAuts
